 Dungeon Crawl Stone Soup version 0.20-a0-792-g09bcfd3 (console) character file.

30 Grendel the Magician (level 3, -2/24 HPs)
             Began as a Human Wanderer on Feb 28, 2017.
             Slain by a worm (3 damage)
             ... on level 2 of the Dungeon.
             The game lasted 00:10:30 (1393 turns).

Grendel the Magician (Human Wanderer)               Turns: 1393, Time: 00:10:32

Health: -2/24      AC:  2    Str: 11    XL:     3   Next: 37%
Magic:  3/9        EV: 16    Int: 14    God:
Gold:   70         SH:  0    Dex: 17    Spells: 6/11 levels left

rFire    . . .     SeeInvis .   (no weapon)
rCold    . . .     Gourm    .   e - +0 robe
rNeg     . . .     Faith    .   (no shield)
rPois    .         Spirit   .   (no helmet)
rElec    .         Reflect  .   (no cloak)
rCorr    .         Harm     .   (no gloves)
MR       .....                  (no boots)
Stlth    +++.......             (no amulet)
Regen    0.1/turn               (no ring)
MPRegen  0.2/turn               (no ring)

@: agile
A: no striking features
a: no special abilities


You were on level 2 of the Dungeon.
You were hungry.

You visited 1 branch of the dungeon, and saw 2 of its levels.

You collected 70 gold pieces.

Inventory:

Hand Weapons
 d - a +0 blowgun
Missiles
 c - 13 poisoned needles
Armour
 e - a +0 robe (worn)
 i - a +0 cloak
Scrolls
 h - a scroll of teleportation
 m - a scroll of fog {unknown}
Potions
 n - a potion of might {unknown}
Books
 a - a book of Necromancy

   Spells                             Type                      Level
   a - Pain                           Necromancy                   1
   b - Animate Skeleton               Necromancy                   1
   c - Vampiric Draining              Necromancy                   3
   d - Regeneration                   Charms/Necromancy            3
   e - Animate Dead                   Necromancy                   4
   f - Control Undead                 Necromancy                   4
 b - the Collected Works on Evil Magic

   Spells                             Type                      Level
   a - Corpse Rot                     Necromancy                   2
   b - Sublimation of Blood           Necromancy                   2
Comestibles
 f - a bread ration
 k - a royal jelly


   Skills:
 + Level 1.1 Throwing
 + Level 0.2 Dodging
 + Level 1.0 Stealth
 + Level 0.2 Unarmed Combat
 + Level 4.5 Spellcasting
   Level 1.0 Hexes
 + Level 3.3 Necromancy


You had 6 spell levels left.
You knew the following spells:

 Your Spells              Type           Power        Failure   Level  Hunger
a - Pain                  Necr           ##..         6%          1    None
b - Animate Skeleton      Necr           N/A          6%          1    None
c - Regeneration          Chrm/Necr      #.........   30%         3    ###....


Dungeon Overview and Level Annotations

Branches:
Dungeon (2/15)

Altars:


Message History

The worm barely misses you.
You hit the worm.
The worm is severely wounded.
The worm barely misses you.
You hit the worm but do no damage.
The worm is severely wounded.
The worm bites you!
* * * LOW HITPOINT WARNING * * *
You hit the worm but do no damage.
The worm is severely wounded.
The worm closely misses you.
You barely miss the worm.
The worm is heavily wounded.
The worm misses you. The worm bites you.
* * * LOW HITPOINT WARNING * * *
As you read the scroll labeled KEKOANU LIF NIKHLU, it crumbles to dust.
It is a scroll of identify.
h - a scroll of teleportation The worm bites you.
You die...

#.....w...#
#.######.##
#.# #.# #.#
#w# #.# #.#
#.#
#.########
#.#
#........#
#.#
#..#####.#
#.# #..# #.#
#w######..#
#.#
#.@w......#
#.#
########.##
#.# .>##.#
#.# #.##.#
#.# ...
#.##.# #.#
... #.##.#
#.# .. #.##.#
#.# ..##
#.##.# #.#
..# #.##.#
#w# #.#
#.##.######.#
#.##
#......w....#


You could see 2 worms.

Vanquished Creatures
  An adder (D:1)
  A leopard gecko (D:1)
  4 hobgoblins (D:1)
  4 bats (D:1)
  4 frilled lizards (D:1)
  4 goblins (D:1)
  A kobold (D:1)
  2 rats
21 creatures vanquished.

Notes
Turn   | Place    | Note
-------+----------+-------------------------------------------
     0 | D:1      | Grendel the Human Wanderer began the quest for the Orb.
     0 | D:1      | Grendel set off with: a book of Necromancy, the Collected Works on Evil Magic, 13 poisoned needles, a +0 blowgun, a +0 robe, a bread ration
     0 | D:1      | Reached XP level 1. HP: 13/13 MP: 5/5
     0 | D:1      | Identified the Collected Works on Evil Magic
   311 | D:1      | Learned a level 1 spell: Pain
   493 | D:1      | Reached XP level 2. HP: 17/19 MP: 2/7
   540 | D:1      | Learned a level 1 spell: Animate Skeleton
  1073 | D:1      | Reached XP level 3. HP: 15/24 MP: 0/8
  1134 | D:1      | Learned a level 3 spell: Regeneration
  1392 | D:2      | HP: 1/24 [worm (5)]
  1393 | D:2      | Slain by a worm

Vault maps used:
D:1:      scummos_arrival_simple_fountains, corexii_corridor_pit

Action                   || total
-------------------------++-------
Melee: Unarmed           ||    45
 Fire: Blowgun           ||     2
 Cast: Pain              ||    52
       Animate Skeleton  ||     7
       Regeneration      ||     1
  Use: Potion            ||     2
       Scroll            ||     1
  Eat: Chunk             ||     1
Armor: Robe              ||    26
Dodge: Dodged            ||    65
